 Dungeon Crawl Stone Soup version 0.19.5 (webtiles) character file.

55794 Teko2 the Destroyer (level 14, -12/82 HPs)
             Began as a Gargoyle Fire Elementalist on May 2, 2017.
             Was a High Priest of Vehumet.
             Mangled by a dire elephant (21 damage)
             ... on level 6 of the Lair of Beasts on May 4, 2017.
             The game lasted 03:32:45 (31058 turns).

Teko2 the Destroyer (Gargoyle Fire Elementalist)   Turns: 31058, Time: 03:32:46

Health: -12/82     AC: 23    Str: 14    XL:     14   Next: 78%
Magic:  30/37      EV: 14    Int: 24    God:    Vehumet [*****.]
Gold:   1767       SH:  5    Dex: 10    Spells: 6 memorised, 15 levels left

rFire  + + .     SeeInvis .     m - +1 mace
rCold  x . .     Gourm    .     B - +2 leather armour {rF+}
rNeg   + . .     Faith    .     s - +0 buckler
rPois  ∞         Spirit   .     d - +3 hat of Pondering {ponderous, MR+ MP+10 Int+5}
rElec  +         Reflect  .     (no cloak)
rCorr  .         Harm     .     F - +1 pair of gloves
MR     ++...                    t - +1 pair of boots
Stlth  ++........               (no amulet)
                                X - ring of wizardry
                                C - ring of fire

@: about to teleport, slow
A: big wings, negative energy resistance 1, electricity resistance, unbreathing,
petrification resistance, rot immunity, AC +9
a: Fly, Renounce Religion


You were on level 6 of the Lair of Beasts.
You worshipped Vehumet.
Vehumet was extremely pleased with you.
You were not hungry.

You visited 3 branches of the dungeon, and saw 18 of its levels.
You also visited: Ossuary and Volcano.

You collected 1767 gold pieces.

Inventory:

Hand Weapons
 m - a +1 mace (weapon)
Armour
 d - the +3 hat of Pondering (worn) {ponderous, MR+ MP+10 Int+5}
   (You took it off Gastronok on level 1 of the Lair of Beasts)

   It affects your intelligence (+5).
   It affects your resistance to hostile enchantments.
   It affects your magic capacity (+10).
 s - a +0 buckler (worn)
 t - a +1 pair of boots (worn)
 B - a +2 leather armour of fire resistance (worn)
 E - a +2 robe of cold resistance
 F - a +1 pair of gloves (worn)
 Y - a +2 robe of positive energy
Jewellery
 n - a +4 ring of dexterity
 C - a ring of fire (left hand)
 J - an uncursed ring of ice
 X - a ring of wizardry (right hand)
 Z - an uncursed amulet of harm {unknown}
Wands
 f - a wand of polymorph (9/24)
 H - a wand of confusion (20/48)
 L - a wand of lightning (4/15)
 M - a wand of digging (12/24)
 P - a wand of flame (20/48)
 R - a wand of teleportation (5/9)
 S - a wand of iceblast (6/15)
 U - a wand of random effects (16/48)
 W - a wand of digging (5/24)
Scrolls
 a - 2 scrolls of remove curse
 e - 2 scrolls of noise
 h - 3 scrolls of teleportation
 j - a scroll of enchant armour
 o - a scroll of amnesia
 p - a scroll of fear {unknown}
 w - 3 scrolls of enchant weapon
 y - 6 scrolls of identify
 G - 2 scrolls of recharging
 I - 4 scrolls of fog
 K - 2 scrolls of summoning {unknown}
 T - a scroll of magic mapping
 V - 3 scrolls of immolation {unknown}
Potions
 i - a potion of haste
 k - 3 potions of agility {unknown}
 q - 4 potions of degeneration {unknown}
 r - 2 potions of heal wounds {unknown}
 u - 2 potions of flight {unknown}
 v - a potion of curing
 z - 2 potions of ambrosia {unknown}
 D - 2 potions of magic
 Q - 2 potions of might {unknown}
Books
 b - a book of Flames

   Spells                             Type                      Level
   a - Flame Tongue                   Conjuration/Fire             1
   b - Throw Flame                    Conjuration/Fire             2
   c - Conjure Flame                  Conjuration/Fire             3
   d - Inner Flame                    Hexes/Fire                   3
   e - Sticky Flame                   Conjuration/Fire             4
   f - Fireball                       Conjuration/Fire             5
 g - a book of Clouds

   Spells                             Type                      Level
   a - Mephitic Cloud                 Conjuration/Poison/Air       3
   b - Conjure Flame                  Conjuration/Fire             3
   c - Poisonous Cloud                Conjuration/Poison/Air       6
   d - Freezing Cloud                 Conjuration/Ice/Air          6
   e - Ring of Flames                 Charms/Fire                  7
 l - a book of Cantrips

   Spells                             Type                      Level
   a - Confusing Touch                Hexes                        1
   b - Animate Skeleton               Necromancy                   1
   c - Summon Small Mammal            Summoning                    1
   d - Apportation                    Translocation                1
 N - a book of Necromancy

   Spells                             Type                      Level
   a - Pain                           Necromancy                   1
   b - Animate Skeleton               Necromancy                   1
   c - Vampiric Draining              Necromancy                   3
   d - Regeneration                   Charms/Necromancy            3
   e - Animate Dead                   Necromancy                   4
   f - Control Undead                 Necromancy                   4
Comestibles
 c - 8 bread rations
 x - 4 meat rations
 A - 6 slices of pizza
 O - 3 chunks of flesh


   Skills:
 + Level 7.4 Fighting
 + Level 5.5 Maces & Flails
 + Level 7.9 Armour
 + Level 6.3 Dodging
 - Level 2.1 Stealth
 + Level 7.6 Shields
 * Level 9.7 Spellcasting
 * Level 12.5 Conjurations
 * Level 11.9 Fire Magic
 + Level 4.1 Air Magic
 + Level 5.1 Evocations


You had 15 spell levels left.
You knew the following spells:

 Your Spells              Type           Power        Failure   Level  Hunger
a - Flame Tongue          Conj/Fire      #####        1%          1    None
b - Conjure Flame         Conj/Fire      #######.     1%          3    None
c - Sticky Flame          Conj/Fire      #######.     1%          4    #......
d - Fireball              Conj/Fire      #######...   1%          5    ####...
e - Shock                 Conj/Air       ####         1%          1    None
f - Static Discharge      Conj/Air       ######..     1%          3    None


Dungeon Overview and Level Annotations

Branches:
Dungeon (11/15)            Temple (1/1) D:6            Lair (6/6) D:10
 Shoals (0/4) Lair:2       Spider (0/4) Lair:4        Slime (0/5) Lair:5
    Orc: D:9-12

Altars:
Ashenzari
Cheibriados
Dithmenos
Elyvilon
Fedhas
Gozag
Hepliaklqana
Kikubaaqudgha
Makhleb
Nemelex Xobeh
Okawaru
Qazlal
Ru
Sif Muna
Trog
Uskayaw
Vehumet
Xom
Yredelemnul
Zin
The Shining One
Jiyva

Shops:
D:4 *   D:5 }

Portals:
Trove: D:11 (give 3 potions of cure mutation)

Annotations:
Lair:5 1 runed door


Innate Abilities, Weirdness & Mutations

You are resistant to torment.
Your stone body is resilient. (AC +9)
You are immune to poison.
Your large and strong wings let you fly indefinitely.
You resist negative energy. (rN+)
You are resistant to electric shocks. (rElec)
You can survive without breathing.
You are immune to petrification.
You are immune to rotting.


Message History

Okay, then.
Unknown command.
Unknown command.
Okay, then.
Unknown command.
Okay, then.
Unknown command.
Unknown command.
As you read the scroll of teleportation, it crumbles to dust.
You feel strangely unstable.
The dire elephant burns!
The dire elephant tramples you!
* * * LOW HITPOINT WARNING * * *
You hold your ground!
The dire elephant trunk-slaps you but does no damage.
You block the spiny frog's attack.
The dire elephant burns!
The dire elephant stops burning.
The dire elephant tramples you but does no damage.
The dire elephant trunk-slaps you but does no damage.
The dire elephant tramples you!!
You die...

....... ...........
.....# ........... ....#
.P......P#. ....#
.P##......## ...#
..#.......####...##
#.....P#....##...#
##...........#..#
#......##.@PP#..#
#.....###.Y..#÷.##
##....####F#.##..#
#######......###F###..##
#..#.#.#....P##.....P.##
...........F.........†.#
......................##
......................#
......................#


You could see a dire elephant, a spiny frog and a blink frog.

Vanquished Creatures
  Gastronok (Lair:1)
  Erolcha (D:10)
  Fannar (D:10)
  A vault guard (D:11)
  7 hydras
  A catoblepas (Lair:4)
  Erica (D:8)
  A queen ant (D:10)
  The ghost of gorpus the Thaumaturge, a novice DEWz of Sif Muna (D:10)
  3 skeletal warriors
  A fire crab (Lair:5)
  An unseen horror (D:11)
  3 hill giants (D:11)
  A lindwurm (Lair:5)
  A cyclops (D:11)
  2 ugly things (D:11)
  6 elephants
  3 black mambas
  7 spiny frogs
  Maurice (D:10)
  A centaur zombie (D:11)
  A gargoyle (D:11)
  10 rime drakes
  A centaur skeleton (D:10)
  A komodo dragon (Lair:5)
  2 polar bears
  A hornet (D:8)
  3 two-headed ogres
  A troll (D:10)
  25 blink frogs
  2 dream sheep (D:8)
  11 hippogriffs
  A wraith (D:10)
  A redback (Lair:4)
  29 yaks
  A shadow (D:11)
  6 fire bats (Volcano)
  10 wyverns
  4 basilisks
  A hungry ghost (D:9)
  16 soldier ants
  The ghost of letownia the Insei, an amateur OpTm (D:4)
  The ghost of letownia the Changer, an amateur OpTm (D:5)
  13 water moccasins
  A hell hound (Lair:4)
  15 porcupines
  6 orc warriors
  2 sky beasts
  2 ice beasts (D:11)
  4 black bears
  2 phantoms
  3 necrophages
  4 ogres
  13 centaurs
  8 crocodiles
  5 big kobolds
  19 bullfrogs
  4 scorpions
  5 wights
  9 killer bees
  An electric eel (D:9)
  6 howler monkeys
  5 crimson imps
  6 lava snakes (Volcano)
  2 bullfrog zombies
  6 jellies
  A quasit (D:9)
  4 hounds
  9 orc priests
  8 orc wizards
  2 bullfrog skeletons
  5 iguanas
  Natasha (thrice) (D:4)
  10 hell rats (Lair:2)
  30 worker ants
  3 worker ant zombies
  4 gnolls (D:8)
  9 adders
  10 river rats (Lair:2)
  4 shadow imps
  An adder zombie (D:8)
  6 adder skeletons
  5 worms
  7 dart slugs
  4 leopard geckos
  58 orcs
  6 giant cockroaches
  12 goblins
  9 hobgoblins
  2 jackals (D:4)
  13 kobolds
  3 quokkas
  3 ball pythons
  12 bats
  9 frilled lizards
  3 hobgoblin skeletons (Ossuary)
  A jackal zombie (D:8)
  2 kobold zombies (Ossuary)
  A leopard gecko skeleton (D:4)
  2 orc skeletons (Ossuary)
  3 orc zombies (Ossuary)
  A quokka skeleton (D:7)
  25 rats
  A fungus (Lair:5)
606 creatures vanquished.

Vanquished Creatures (others)
  A crocodile (Lair:6)
  A howler monkey (D:10)
  11 fungi
  6 plants
  5 toadstools (D:1)
24 creatures vanquished.

Grand Total: 630 creatures vanquished

Notes
Turn   | Place    | Note
-------+----------+-------------------------------------------
     0 | D:1      | Teko2 the Gargoyle Fire Elementalist began the quest for the Orb.
     0 | D:1      | Reached XP level 1. HP: 10/10 MP: 3/3
   524 | D:1      | Reached XP level 2. HP: 15/15 MP: 1/5
   975 | D:1      | Reached skill level 2 in Conjurations
  1227 | D:1      | Reached XP level 3. HP: 19/19 MP: 1/6
  2098 | D:2      | Reached XP level 4. HP: 24/24 MP: 3/7
  2602 | D:2      | Learned a level 3 spell: Conjure Flame
  2968 | D:2      | Reached skill level 3 in Conjurations
  3325 | D:3      | Noticed a black bear
  3611 | D:2      | Reached XP level 5. HP: 23/28 MP: 2/9
  3675 | D:3      | Killed a black bear
  3807 | D:3      | Found a snail-covered altar of Cheibriados.
  3869 | D:3      | Reached XP level 6. HP: 32/32 MP: 6/10
  4581 | D:3      | Reached skill level 4 in Conjurations
  4647 | D:4      | Reached skill level 5 in Fire Magic
  4665 | D:4      | Noticed letownia's ghost (amateur OpTm)
  4807 | D:4      | Killed letownia's ghost
  4956 | D:4      | Found a sacrificial altar of Ru.
  5147 | D:4      | Noticed Natasha
  5155 | D:4      | Killed Natasha
  5155 | D:4      | Reached XP level 7. HP: 23/36 MP: 8/12
  5229 | D:4      | Noticed Natasha
  5232 | D:4      | Killed Natasha
  5388 | D:4      | Noticed Natasha
  5394 | D:4      | Killed Natasha
  5394 | D:4      | Reached skill level 5 in Conjurations
  5484 | D:4      | Found Xoulitug's Assorted Antiques.
  5560 | D:5      | Entered Level 5 of the Dungeon
  5744 | D:5      | Found a burning altar of Makhleb.
  5744 | D:5      | Noticed a cacodemon
  5883 | D:5      | Found Namus's Gadget Boutique.
  5925 | D:5      | Noticed letownia's ghost (amateur OpTm)
  5929 | D:5      | Killed letownia's ghost
  6785 | D:6      | Found a staircase to the Ecumenical Temple.
  6820 | Temple   | Entered the Ecumenical Temple
  7041 | D:6      | Reached XP level 8. HP: 42/42 MP: 9/13
  7306 | D:6      | Reached skill level 1 in Armour
  7306 | D:6      | Reached skill level 6 in Conjurations
  7366 | D:6      | Reached skill level 1 in Fighting
  7460 | D:7      | Reached skill level 1 in Shields
  8077 | D:7      | Identified a scroll of acquirement
  8657 | D:6      | Learned a level 4 spell: Sticky Flame
  8970 | D:8      | Found a sand-covered staircase.
  8974 | Ossuary  | Entered an ossuary
  9255 | Ossuary  | Noticed a wraith
  9255 | Ossuary  | Noticed a flying skull
  9266 | Ossuary  | Noticed a flying skull
  9287 | Ossuary  | Noticed a flying skull
  9368 | Ossuary  | Noticed a flying skull
  9369 | Ossuary  | Noticed a wraith
  9697 | D:8      | Reached skill level 7 in Conjurations
  9697 | D:8      | Reached XP level 9. HP: 49/49 MP: 6/15
  9782 | D:8      | Learned a level 5 spell: Fireball
 10108 | D:8      | Noticed a three-headed hydra
 10148 | D:8      | Killed a three-headed hydra
 10148 | D:8      | Reached skill level 5 in Spellcasting
 10148 | D:8      | Reached skill level 8 in Conjurations
 10454 | D:8      | Reached XP level 10. HP: 56/56 MP: 9/17
 10514 | D:8      | Found a basalt altar of Yredelemnul.
 10739 | D:8      | Noticed Erica
 10877 | D:8      | Killed Erica
 12539 | D:9      | Reached skill level 9 in Conjurations
 12611 | D:9      | Reached skill level 5 in Armour
 13592 | D:9      | Reached XP level 11. HP: 61/62 MP: 4/19
 13699 | D:9      | Reached skill level 1 in Maces & Flails
 13706 | D:9      | Reached skill level 1 in Evocations
 13997 | D:9      | Found an ancient bone altar of Kikubaaqudgha.
 13998 | D:9      | Found a hazy altar of Hepliaklqana.
 14009 | D:9      | Found a shadowy altar of Dithmenos.
 14009 | D:9      | Found a shimmering altar of Xom.
 14009 | D:9      | Found a hide-covered altar of Uskayaw.
 14009 | D:9      | Found a glowing silver altar of Zin.
 14010 | D:9      | Found a radiant altar of Vehumet.
 14011 | D:9      | Found a burning altar of Makhleb.
 14013 | D:9      | Became a worshipper of Vehumet
 14034 | D:9      | Found a sparkling altar of Nemelex Xobeh.
 14140 | D:9      | Reached skill level 5 in Shields
 14299 | D:9      | Reached skill level 5 in Fighting
 14822 | D:10     | Entered Level 10 of the Dungeon
 14822 | D:10     | Noticed Fannar
 15214 | D:10     | Reached * piety under Vehumet
 15214 | D:10     | Offered knowledge of Shock by Vehumet.
 15218 | D:10     | Learned a level 1 spell: Shock
 15241 | D:10     | Killed Fannar
 15630 | D:10     | Noticed Maurice
 16033 | D:10     | Killed Maurice
 16037 | D:10     | Noticed gorpus's ghost (novice DEWz)
 16896 | D:10     | Found a deep blue altar of Sif Muna.
 17095 | D:10     | Killed gorpus's ghost
 17095 | D:10     | Reached skill level 10 in Conjurations
 17108 | D:9      | Reached ** piety under Vehumet
 17313 | D:10     | Offered knowledge of Sandblast by Vehumet.
 17463 | D:10     | Reached XP level 12. HP: 66/69 MP: 6/22
 17793 | D:10     | Reached skill level 1 in Air Magic
 18031 | D:10     | Noticed a queen ant
 18054 | D:10     | Killed a queen ant
 18054 | D:10     | Reached skill level 10 in Fire Magic
 18080 | D:10     | Reached skill level 5 in Dodging
 18335 | D:10     | Offered knowledge of Searing Ray by Vehumet.
 18634 | D:10     | Found a staircase to the Lair.
 18670 | D:10     | Noticed Erolcha
 18683 | D:10     | Killed Erolcha
 19113 | D:11     | Noticed a four-headed hydra
 19147 | D:10     | Killed a four-headed hydra
 19630 | D:11     | Reached *** piety under Vehumet
 20672 | D:11     | Offered knowledge of Throw Icicle by Vehumet.
 21181 | D:11     | Reached XP level 13. HP: 74/74 MP: 14/25
 21253 | D:11     | Reached skill level 11 in Conjurations
 21972 | D:11     | Noticed a vault guard
 21988 | D:11     | Killed a vault guard
 22081 | D:11     | Found a portal to a secret trove of treasure.
 22171 | D:11     | Reached **** piety under Vehumet
 22338 | D:11     | Offered knowledge of Static Discharge by Vehumet.
 22343 | D:11     | Learned a level 3 spell: Static Discharge
 22612 | Lair:1   | Entered Level 1 of the Lair of Beasts
 22612 | Lair:1   | Noticed Gastronok
 23231 | Lair:1   | Killed Gastronok
 24315 | Lair:2   | Found a staircase to the Shoals.
 24518 | Lair:2   | Found a dark tunnel.
 24523 | Volcano  | Entered a volcano
 25111 | Lair:2   | Reached ***** piety under Vehumet
 25114 | Lair:2   | Offered knowledge of Lightning Bolt by Vehumet.
 26599 | Lair:3   | Gained mutation: Your large and strong wings let you fly indefinitely. [Gargoyle growth]
 26599 | Lair:3   | Reached XP level 14. HP: 80/80 MP: 27/27
 27327 | Lair:4   | Reached skill level 5 in Maces & Flails
 27386 | Lair:4   | Offered knowledge of Bolt of Draining by Vehumet.
 27391 | Lair:4   | Reached skill level 12 in Conjurations
 28136 | Lair:4   | Found a hole to the Spider Nest.
 29491 | Lair:5   | Found a runed door.
 29491 | Lair:5   | Found a viscous altar of Jiyva.
 29491 | Lair:5   | Found a staircase to the Slime Pits.
 29849 | Lair:6   | Entered Level 6 of the Lair of Beasts
 30253 | Lair:5   | Reached skill level 5 in Evocations
 30848 | Lair:6   | Noticed a dire elephant
 31058 | Lair:6   | Mangled by a dire elephant

Skill      XL: |  1  2  3  4  5  6  7  8  9 10 11 12 13 14 |
---------------+-------------------------------------------+-----
Conjurations   | 2 3 4 5 7 8 9 10 11 12 | 12.5
Fire Magic     | 4 5 6 7 9 10 11 | 11.9
Spellcasting   | 3 4 5 7 8 9 |  9.7
Armour         | 2 3 5 6 7 |  7.9
Fighting       | 2 3 4 5 6 7 |  7.4
Shields        | 2 3 4 5 6 7 |  7.6
Dodging        | 2 3 4 5 6 |  6.3
Maces & Flails | 2 3 4 5 |  5.5
Evocations     | 2 3 4 5 |  5.1
Air Magic      | 2 3 4 |  4.1
Stealth        | |  2.1

Action                   |  1- 3 |  4- 6 |  7- 9 | 10-12 | 13-15 || total
-------------------------+-------+-------+-------+-------+-------++-------
Melee: Club              |     8 |       |       |       |       ||     8
       Unarmed           |     4 |       |       |       |       ||     4
       Mace              |       |    15 |   147 |   282 |   124 ||   568
 Cast: Flame Tongue      |    58 |   132 |   215 |   244 |   138 ||   787
       Conjure Flame     |       |     2 |     1 |     1 |     3 ||     7
       Sticky Flame      |       |       |    17 |   166 |   109 ||   292
       Fireball          |       |       |       |    53 |   120 ||   173
       Shock             |       |       |       |    25 |    81 ||   106
       Static Discharge  |       |       |       |       |     4 ||     4
 Abil: Evoke Flight      |       |       |       |       |     1 ||     1
Evoke: Wand              |       |       |     1 |     2 |       ||     3
  Use: Scroll            |       |       |    13 |     7 |     8 ||    28
       Potion            |       |       |     2 |     4 |     7 ||    13
 Stab: Sleeping          |       |       |     1 |       |       ||     1
  Eat: Chunk             |     4 |    10 |    10 |    35 |    31 ||    90
       Fruit             |       |       |     3 |    12 |       ||    15
       Beef jerky        |       |       |     3 |       |     3 ||     6
       Pizza             |       |       |     1 |     2 |       ||     3
       Meat ration       |       |       |       |     5 |     5 ||    10
Armor: Robe              |    12 |    27 |   123 |   308 |   111 ||   581
       Leather armour    |       |       |       |       |   106 ||   106
Dodge: Dodged            |    27 |    67 |   162 |   429 |   301 ||   986
Block: Buckler           |       |       |       |    92 |   102 ||   194
